 Dungeon Crawl Stone Soup version 0.21-a0-349-g0c35859 (webtiles) character file.

270 Hasart the Cudgeler (level 6, 0/47 HPs)
             Began as a Mummy Fighter on Oct 8, 2017.
             Slain by a hungry ghost (2 damage)
             ... on level 4 of the Dungeon.
             The game lasted 00:04:32 (2777 turns).

Hasart the Cudgeler (Mummy Fighter)                 Turns: 2777, Time: 00:04:34

Health: 0/47       AC:  9    Str: 24    XL:     6   Next: 1%
Magic:  6/6        EV:  7    Int:  7    God:
Gold:   233        SH:  9    Dex: 12    Spells: 5/5 levels left

rFire    x . .     SeeInvis .   a - +0 flail
rCold    + . .     Gourm    .   c - +0 shield
rNeg     + + +     Faith    .   b - +0 scale mail
rPois    ∞         Spirit   .   (no helmet)
rElec    .         Reflect  .   (no cloak)
rCorr    .         Harm     .   l - +0 pair of gloves
MR       .....                  k - +1 pair of boots
Stlth    ..........             (no amulet)
HPRegen  0.15/turn              d - +3 ring of strength
MPRegen  0.10/turn              (no ring)

@: no status effects
A: no food or potions, fire vulnerability, cold resistance 1, negative energy
resistance 3, torment resistance, unbreathing
a: no special abilities


You were on level 4 of the Dungeon.
You were not hungry.

You visited 1 branch of the dungeon, and saw 5 of its levels.

You collected 233 gold pieces.

Inventory:

Hand Weapons
 a - a +0 flail (weapon)
Armour
 b - a +0 scale mail (worn)
 c - a +0 shield (worn)
 k - a +1 pair of boots (worn)
 l - a +0 pair of gloves (worn)
Jewellery
 d - a +3 ring of strength (left hand)
Scrolls
 e - a scroll of noise {unknown}
 f - 4 scrolls of teleportation {unknown}
 g - 7 scrolls of identify {unknown}
 h - 3 scrolls of immolation {unknown}
 i - a scroll of amnesia {unknown}
 j - a scroll of fog {unknown}
 m - a scroll of enchant armour {unknown}


   Skills:
 - Level 3.0 Fighting
 + Level 5.2 Maces & Flails
 - Level 2.4 Armour
 - Level 2.4 Shields


You had 5 spell levels left.
You didn't know any spells.

Dungeon Overview and Level Annotations

Branches:
Dungeon (5/15)
 Temple: D:4-7

Altars:


Innate Abilities, Weirdness & Mutations

You do not eat or drink.
Your flesh is vulnerable to fire.
You are immune to poison.
Your flesh is cold resistant. (rC+)
You are immune to negative energy. (rN+++)
You are immune to unholy pain and torment.
You can survive without breathing.


Message History

The hound barks!
You hear a shout! x3
Found four items.
There is a stone staircase leading up here.
You block the gnoll's attack.
The worker ant bites you but does no damage.
The hungry ghost hits you.
You climb upwards.
You block the gnoll's attack.
There is a stone staircase leading down here.
Unknown command.
Unknown command.
Unknown command.
You block the gnoll's attack. x2
You miss the hungry ghost. The gnoll hits you with a halberd!
You block the gnoll's attack. The worker ant barely misses you.
The iguana bites you!
* * * LOW HITPOINT WARNING * * *
The gnoll hits you.
* * * LOW HITPOINT WARNING * * *
The hungry ghost hits you.
You die...

.. #.#.#.#.....# #......... ..
#.#.#.#.###.# #......... ...
#.#.#.#.###.# #####.........
...##.........#.# #.............
........#.#.....# #.............
###.....#.......####.............
#.....#..........#.............
###...#.#....W...#.......######
#####'#+#.#....g@l.#.......#####.
#.............#agg.÷.......'l..'.
#.........#####.####.......#####.
#.........+.....# #.......# #.
#.........##########.......# #.
#######............!.......# #.
...........................# #.
.............†.............# #.
.............†.......####### #.


You could see a hungry ghost, an iguana, a worker ant and 3 gnolls.

Vanquished Creatures
  An orc priest (D:3)
  An orc wizard (D:3)
  3 worker ants
  2 gnolls (D:4)
  2 adders (D:2)
  2 oozes (D:2)
  An adder skeleton (D:4)
  6 worms
  3 orcs (D:3)
  5 bats
  7 giant cockroaches
  8 goblins
  10 hobgoblins
  A quokka (D:3)
  A ball python (D:4)
  5 frilled lizards
  8 kobolds
  10 rats
76 creatures vanquished.

Notes
Turn   | Place    | Note
-------+----------+-------------------------------------------
     0 | D:1      | Hasart the Mummy Fighter began the quest for the Orb.
     0 | D:1      | Reached XP level 1. HP: 18/18 MP: 1/1
    88 | D:1      | Reached skill level 2 in Maces & Flails
    90 | D:1      | Reached XP level 2. HP: 18/24 MP: 2/2
   733 | D:2      | Reached XP level 3. HP: 18/29 MP: 3/3
   931 | D:2      | Reached skill level 3 in Maces & Flails
  1195 | D:2      | Reached XP level 4. HP: 31/35 MP: 4/4
  1827 | D:3      | Reached skill level 4 in Maces & Flails
  1836 | D:3      | Reached XP level 5. HP: 39/41 MP: 5/5
  2347 | D:3      | Found a faded altar of an unknown god.
  2501 | D:4      | Reached skill level 5 in Maces & Flails
  2742 | D:4      | Reached XP level 6. HP: 47/47 MP: 6/6
  2773 | D:5      | Entered Level 5 of the Dungeon
  2773 | D:5      | Noticed a hungry ghost
  2777 | D:4      | HP: 2/47 [gnoll (4)]
  2777 | D:4      | Slain by a hungry ghost

Vault maps used:
D:1:      evilmike_arrival_plus
D:3:      first_bread, chequers_ecumenical_altar_simple,
          hangedman_decor_opposing, minmay_misc_feat_chi,
          minmay_misc_feat_four_crosses

Skill      XL: |  1  2  3  4  5 |
---------------+----------------+-----
Maces & Flails | 2 3 4 5 |  5.2
Fighting       | |  3.0
Armour         | |  2.4
Shields        | |  2.4

Action                   |  1- 3 |  4- 6 || total
-------------------------+-------+-------++-------
Melee: Flail             |   140 |   154 ||   294
Armor: Scale mail        |    69 |    52 ||   121
Dodge: Dodged            |    33 |    37 ||    70
Block: Shield            |    64 |    79 ||   143

Table legend:
 A = Spawn XP
 B = Non-spawn XP
 C = Spawn XP percentage of total XP
 D = Spawn monster count
 E = Non-spawn monster count
 F = Spawn count percentage of total count
 G = Total turns spent on level
                    A         B        C        D         E        F      G
               +---------+---------+-------+---------+---------+-------+---------
         Total |       0 |     387 |   0.0 |       0 |      76 |   0.0 |  2777
               +---------+---------+-------+---------+---------+-------+---------
           D:1 |       0 |      33 |   0.0 |       0 |      22 |   0.0 |   700
           D:2 |       0 |      92 |   0.0 |       0 |      25 |   0.0 |   984
           D:3 |       0 |     150 |   0.0 |       0 |      19 |   0.0 |   692
           D:4 |       0 |     112 |   0.0 |       0 |      10 |   0.0 |   399
               +---------+---------+-------+---------+---------+-------+---------
